 Dungeon Crawl Stone Soup version 0.32-a0-675-gdc239d62e1 (webtiles) character file.

Game seed: 16003320518658029585

182 horus123 the Magician (level 5, -20/28 HPs)
             Began as a Deep Elf Conjurer on Mar 12, 2024.
             Demolished by an ogre
             ... wielding a +0 giant club
              (28 damage)
             ... on level 5 of the Dungeon.
             The game lasted 00:04:25 (3437 turns).

horus123 the Magician (Deep Elf Conjurer)           Turns: 3437, Time: 00:04:26

Health: -20/28     AC:  3    Str:  4    XL:     5   Next: 35%
Magic:  8/15       EV: 12    Int: 25    God:
Gold:   165        SH:  5    Dex: 13    Spells: 9/16 levels left

rFire   . . .        n - +0 long sword
rCold   . . .        (no shield)
rNeg    . . .        a - +0 robe
rPois   +            (no helmet)
rElec   .            (no cloak)
rCorr   .            k - +0 pair of gloves
SInv    .            (no boots)
Will    .....        r - amulet of reflection
Stlth   ++           j - ring of poison resistance
HPRegen 0.24/turn    (no ring)
MPRegen 0.14/turn

%: reflection
@: no status effects
A: no striking features
a: no special abilities


You were on level 5 of the Dungeon.
You visited 1 branch of the dungeon, and saw 5 of its levels.

You collected 165 gold pieces.

Inventory:

Hand Weapons
 n - a +0 long sword (weapon)
 o - a +1 dagger of protection
Armour
 a - a +0 robe (worn)
 k - a +0 pair of gloves (worn)
 s - an orb of mayhem
Jewellery
 j - a ring of poison resistance (left hand)
 r - an amulet of reflection (around neck)
Scrolls
 d - 3 scrolls of immolation {unknown}
 g - a scroll of enchant armour {unknown}
 h - a scroll of fear {unknown}
 i - 4 scrolls of identify {unknown}
 l - 2 scrolls of amnesia {unknown}
 q - a scroll of fog {unknown}
 u - a scroll of torment {unknown}
 v - a scroll of noise {unknown}
Potions
 b - a potion of magic
 c - a potion of brilliance {unknown}
 e - 2 potions of heal wounds {unknown}
 f - a potion of attraction {unknown}
 m - a potion of degeneration {unknown}
 p - 2 potions of curing {unknown}
 t - 2 potions of might {unknown}
 w - 2 potions of resistance {unknown}


   Skills:
 - Level 2.4 Dodging
 - Level 2.4 Stealth
 - Level 6.0 Spellcasting
 + Level 5.9 Conjurations


You had 9 spell levels left.
You knew the following spells:

 Your Spells              Type           Power      Damage    Failure   Level
a - Magic Dart            Conj           100%       1d8       1%          1
b - Searing Ray           Conj           74%        2d7       1%          2
c - Iskenderun's Mystic   Conj/Tloc      22%        2d6       22%         4

Your spell library contained the following spells:

 Spells                   Type           Power      Damage    Failure   Level
 Ozocubu's Armour         Ice            7%         N/A       22%         3
 Fulminant Prism          Conj/Alch      11%        3d8       22%         4
 Alistair's Intoxication  Alch           4%         N/A       90%         5
 Borgnjor's Vile Clutch   Necr/Erth      3%         N/A       90%         5
 Metabolic Englaciation   Hex/Ice        3%         N/A       90%         5
 Eringya's Noxious Bog    Alch           3%         4d6       100%        6
 Sculpt Simulacrum        Ice/Alch       3%         N/A       100%        6


Dungeon Overview and Level Annotations

Branches:
Dungeon (6/15)             Temple (0/1) D:6

Altars:
Zin


Message History

Aim: a bombardier beetle (severely wounded, 88% to hit)
The searing ray hits the bombardier beetle.
You kill the bombardier beetle! (Press . to maintain the ray.) Unknown command.
You start resting.
Magic restored.
You start waiting.
Done waiting.
Found a glowing silver altar of Zin.
Found a flail.
An ogre comes into view. It is wielding a +0 giant club.
Casting: Searing Ray (safe; 1% risk of failure)
Confirm with . or Enter, or press ? or * to list all spells.
Aiming: Searing Ray (safe; 1% risk of failure)
Press: ? - help, Shift-Dir - straight line, f - ogre
Aim: an ogre, wielding a +0 giant club (91% to hit)
The searing ray misses the ogre. (Press . to maintain the ray.)
The searing ray hits the ogre!
The ogre is moderately wounded.
The searing ray hits the ogre.
The ogre is moderately wounded.
The ogre hits you with a +0 giant club!!
Ouch! That really hurt!
* * * LOW HITPOINT WARNING * * *
The searing ray hits the ogre.
The ogre is heavily wounded.
You finish channelling your searing ray.
Casting: Searing Ray (safe; 1% risk of failure)
Confirm with . or Enter, or press ? or * to list all spells.
Aiming: Searing Ray (safe; 1% risk of failure)
Press: ? - help, Shift-Dir - straight line, f/p - ogre
Aim: an ogre, wielding a +0 giant club (heavily wounded, 91% to hit)
The searing ray hits the ogre.
The ogre is severely wounded. (Press . to maintain the ray.)
The ogre hits you with a +0 giant club!!
Ouch! That really hurt!
You die...

#########
#.O......
#@#############
#..............
#.≈._.≈.##########
#.................
#...#.#..#########
#.#.#.#..#
#.#.#.#..#
#)#.#.#..#
..#.#....#


You could see an ogre.

Vanquished Creatures
  A bombardier beetle (D:5)
  A hound (D:3)
  5 adders
  A shadow imp (D:5)
  A dart slug (D:1)
  2 ribbon worms (D:3)
  5 endoplasms
  2 giant cockroaches (D:1)
  4 goblins
  2 hobgoblins
  14 jackals
  2 quokkas (D:2)
  6 ball pythons
  5 bats
  A frilled lizard (D:1)
  7 kobolds
  2 rats (D:1)
61 creatures vanquished.

Notes
Turn   | Place    | Note
-------+----------+-------------------------------------------
     0 | D:1      | horus123 the Deep Elf Conjurer began the quest for the Orb.
     0 | D:1      | Reached XP level 1. HP: 10/10 MP: 6/6
   226 | D:1      | Reached skill level 4 in Spellcasting
   226 | D:1      | Reached XP level 2. HP: 3/15 MP: 0/9
   345 | D:1      | Learned a level 2 spell: Searing Ray
  1026 | D:1      | Reached XP level 3. HP: 19/19 MP: 4/11
  1116 | D:1      | Reached skill level 5 in Spellcasting
  1706 | D:2      | Found a faded altar of an unknown god.
  2332 | D:3      | Reached skill level 6 in Spellcasting
  2332 | D:3      | Reached XP level 4. HP: 24/24 MP: 9/14
  2337 | D:3      | Learned a level 4 spell: Iskenderun's Mystic Blast
  2772 | D:3      | Reached skill level 5 in Conjurations
  2901 | D:3      | Reached XP level 5. HP: 28/28 MP: 12/15
  3038 | D:3      | You fall into a shaft and drop 3 floors!
  3055 | D:6      | Found a staircase to the Ecumenical Temple.
  3062 | D:5      | Entered Level 5 of the Dungeon
  3417 | D:5      | Found a glowing silver altar of Zin.
  3432 | D:5      | Noticed an ogre
  3437 | D:5      | Demolished by an ogre

Illustrated notes

Levels and vault maps discovered:
D:1:      dpeg_arrival_simpleton_c, layout_loops_ring, nrook_mini_vaults,
          roderic_lattice_a
D:2:      layout_basic, nicolae_ecumenical_oubliette, nicolae_hexahallways
D:3:      layout_loops_ring
D:5:      layout_basic, nzn_wu_jian_council_hall,
          mainiacjoe_overflow_tiny_flanked, mainiacjoe_overflow_brackets,
          mainiacjoe_overflow_chevrons, nicolae_overflow_hidden_temple,
          serial_shops, shop
D:6:      layout_rooms, minmay_temple_entry_wispy, portal_sewer_entry_e,
          nicolae_shop_gadgets, uniq_pikel

Skill      XL: |  1  2  3  4 |
---------------+-------------+-----
Spellcasting   | 4 6 |  6.0
Conjurations   | 5 |  5.9
Dodging        | |  2.4
Stealth        | |  2.4

Action                     |  1- 3 |  4- 6 || total
---------------------------+-------+-------++-------
  Melee: Dagger            |     3 |       ||     3
         Long sword        |       |     2 ||     2
   Cast: Magic Dart        |    84 |    35 ||   119
         Searing Ray       |       |     6 ||     6
 Armour: Robe              |    16 |     4 ||    20
  Dodge: Dodged            |    18 |     7 ||    25

Table legend: (Time is in decaauts)
 A = Elapsed time spent in this place.
 B = Non-inter-level travel time spent in this place.
 C = Inter-level travel time spent in this place.
 D = Time resting spent in this place.
 E = Time spent auto-exploring this place.
 F = Levels seen in this place.
 G = Mean time per level.
                   A        B        C        D        E       F      G
               +--------+--------+--------+--------+--------+-----+--------+
         Total |   3435 |   3390 |     45 |    391 |   2573 |   5 |  687.0 |
       Dungeon |   3435 |   3390 |     45 |    391 |   2573 |   5 |  687.0 |
               +--------+--------+--------+--------+--------+-----+--------+

Top non-repeatable levels by time:
     D:1: 1241 daAuts
     D:2: 1196 daAuts
     D:3: 599 daAuts
     D:5: 374 daAuts
     D:6: 23 daAuts
